AoeStats
← saschauli

Arabia

509930196Analyzed
1v1 RM · 5d ago on Sep 28, 2026· 50m 15s· 2 players
Game mode
Random Map
Map size
Tiny (2 player)
Population
200
Speed
Normal
Resources
Standard
Victory
Conquest
Starting age
Dark Age
Ending age
Imperial Age
RankedLock teamsTeams togetherTeam positionsShared explorationLock speedFull tech treeHidden civsTurbo modeCheats
Victory
Defeat
🇨🇭 Tatars · Switzerland
907
+18
🇩🇪 Celts · Germany
953
-18
Gwuziluth
8:10 Loom
10:24 Feudal Age
11:42 Double-Bit Axe
11:39 Horse Collar
22:56 Bloodlines
25:08 Castle Age
24:17 Fletching
24:28 Padded Archer Armor
26:10 Bow Saw
26:01 Heavy Plow
28:01 Bodkin Arrow
28:25 Crossbowman
30:02 Scale Barding Armor
30:08 Forging
30:24 Leather Archer Armor
33:07 Chain Barding Armor
33:22 Iron Casting
37:46 Ballistics
44:40 Imperial Age
42:48 Wheelbarrow
41:58 Town Watch
43:03 Wheelbarrow
43:10 Wheelbarrow
42:20 Town Watch
44:42 Gold Mining
44:42 Stone Mining
46:00 Silk Armor
47:21 Plate Barding Armor
47:34 Elite Steppe Lancer
49:42 Elite Skirmisher
50:31 Bracer
51:02 Ring Archer Armor
51:48 Chemistry
saschauli
6:55 Loom
11:17 Feudal Age
11:28 Man-at-Arms
13:21 Forging
14:32 Scale Mail Armor
16:54 Double-Bit Axe
16:53 Horse Collar
17:36 Gold Mining
22:52 Castle Age
21:33 Fletching
25:03 Bow Saw
26:29 Heavy Plow
27:06 Stone Mining
27:42 Elite Skirmisher
39:47 Bodkin Arrow
44:24 Imperial Age
42:51 Stone Shaft Mining
43:12 Gold Shaft Mining
43:47 Pikeman
Connection lost

Rejoining the realm…

Still unreachable

The connection could not be restored.

Session expired

The server has moved on; the page needs a fresh start.